 Dungeon Crawl Stone Soup version 0.31-a0-931-g7b59d4eb97 (webtiles) character file.

Game seed: 11231464336320420538

139 protoss039 the Digger (level 5, 38/38 HPs)
             Began as a Demonspawn Earth Elementalist on Oct 19, 2023.
             Got out of the dungeon alive.
             The game lasted 00:03:40 (1840 turns).

protoss039 the Digger (DsEE)                        Turns: 1840, Time: 00:03:41

Health: 38/38      AC:  8    Str:  9    XL:     5   Next: 1%
Magic:  9/9        EV: 11    Int: 18    God:
Gold:   106        SH:  0    Dex: 13    Spells: 4/10 levels left

rFire   . . .        m - +1 whip (venom)
rCold   + . .        (no shield)
rNeg    . . .        n - +0 leather armour
rPois   .            e - +0 helmet
rElec   .            (no cloak)
rCorr   .            f - +1 pair of gloves
SInv    .            (no boots)
Will    .....        (no amulet)
Stlth   ++           g - ring of wizardry
HPRegen 0.26/turn    o - ring of protection from cold
MPRegen 0.11/turn

%: wizardry (x1)
@: no status effects
A: icy blue scales 1
a: no special abilities


You escaped.
You visited 1 branch of the dungeon, and saw 3 of its levels.

You collected 106 gold pieces.

Inventory:

Hand Weapons
 m - a +1 whip of venom (weapon)
Armour
 e - a +0 helmet (worn)
 f - a +1 pair of gloves (worn)
 n - a +0 leather armour (worn)
Jewellery
 g - a ring of wizardry (left hand)
 o - a ring of protection from cold (right hand)
Scrolls
 a - a scroll of enchant weapon {unknown}
 c - a scroll of identify {unknown}
 d - a scroll of enchant armour {unknown}
 h - a scroll of poison {unknown}
Potions
 b - a potion of magic
 i - a potion of lignification {unknown}
 j - a potion of heal wounds {unknown}
 k - a potion of cancellation {unknown}
 l - a potion of degeneration {unknown}
 p - a potion of curing {unknown}


   Skills:
 + Level 2.2 Fighting
 - Level 1.7 Dodging
 - Level 1.7 Stealth
 + Level 3.0 Spellcasting
 * Level 1.6 Conjurations
 - Level 0.8 Transmutations
 + Level 3.5 Earth Magic


You had 4 spell levels left.
You knew the following spells:

 Your Spells              Type           Power      Damage    Failure   Level
a - Sandblast             Erth           30%        2d9       2%          1
b - Passwall              Tmut/Erth      8%         N/A       6%          2
c - Stone Arrow           Conj/Erth      24%        3d8       10%         3

Your spell library contained the following spells:

 Spells                   Type           Power      Damage    Failure   Level
 Ensorcelled Hibernation  Hex/Ice        4%         N/A       14%         2
 Jinxbite                 Hex            4%         N/A       14%         2
 Confusing Touch          Hex            2%         N/A       26%         3
 Inner Flame              Hex/Fire       2%         N/A       26%         3
 Brom's Barrelling Bould  Conj/Erth      12%        2d4       30%         4
 Petrify                  Tmut/Erth      10%        N/A       34%         4
 Anguish                  Hex/Necr       1%         N/A       63%         4
 Discord                  Hex            1%         N/A       100%        8


Dungeon Overview and Level Annotations

Branches:
Dungeon (3/15) Zot: 16130

Altars:


Innate Abilities, Weirdness & Mutations

You are partially covered in icy blue scales. (AC +2)


Message History

The hobgoblin is moderately wounded.
The hobgoblin barely misses you. The hobgoblin hits you.
Unknown command.
You hit the hobgoblin.
The hobgoblin looks as sick as possible!
The hobgoblin is heavily wounded.
The hobgoblin hits you but does no damage.
Unknown command.
You closely miss the hobgoblin.
You punch the hobgoblin, but do no damage.
The hobgoblin is almost dead.
You kill the hobgoblin!
You have reached level 5!
No target in view!
Unknown command.
HP restored.
Found a mace.
Found a stone staircase leading up.
Found a stone staircase leading down.
A hobgoblin comes into view.
The hobgoblin shouts!
The hobgoblin misses you.
You hit the hobgoblin but do no damage.
The hobgoblin is poisoned.
The hobgoblin barely misses you.
You closely miss the hobgoblin.
The hobgoblin is moderately wounded.
The hobgoblin barely misses you.
You hit the hobgoblin.
You kill the hobgoblin!
No target in view!
What level of the Dungeon? (default 1, ? - help)
There is a stone staircase leading up here.
You climb upwards.
There is a stone staircase leading down here.
You see here a +0 dagger.
There is a stone staircase leading up here.
You climb upwards.
There is a stone staircase leading down here.
There is a staircase leading out of the dungeon here.
You have escaped!

###### ##....## ###..##..#
#...####.# #.### #.#
############# #...#
#.###...........# ## ###.##
#.#≈≈.........#.########.
####..###.#≈≈≈..@....#...........
#..#....#.#≈≈.......≈############
#.#.#.#...#≈≈...≈≈~≈≈# ##########
...#)#)...#≈≈....~≈≈≈# #.........
..#..)#...#≈≈≈≈≈≈≈≈≈≈# #.########
.#.#.#÷..##≈≈≈≈≈≈≈≈≈≈# #.#
..#.#.#...###≈≈≈≈≈≈≈####.#
...#.#...#...(.........#.##
.#.###.#.##..##...##....#.##


There were no monsters in sight!

Vanquished Creatures
  4 gnolls (D:2)
  4 adders (D:2)
  2 worms
  6 dart slugs
  4 endoplasms
  2 giant cockroaches (D:1)
  5 goblins
  3 hobgoblins
  2 quokkas
  5 ball pythons (D:2)
  2 bats
  5 frilled lizards
  5 kobolds
  3 rats
52 creatures vanquished.

Notes
Turn   | Place    | Note
-------+----------+-------------------------------------------
     0 | D:1      | protoss039 the Demonspawn Earth Elementalist began the
                  | quest for the Orb.
     0 | D:1      | Reached XP level 1. HP: 13/13 MP: 3/3
   260 | D:1      | Got Yrablenk's Monograph on Hexing
   305 | D:1      | Gained mutation: You are partially covered in icy blue
                  | scales. (AC +2) [demonic ancestry]
   305 | D:1      | Reached XP level 2. HP: 19/20 MP: 0/5
   400 | D:1      | Reached skill level 1 in Fighting
   913 | D:2      | Learned a level 2 spell: Passwall
   954 | D:2      | Reached XP level 3. HP: 13/26 MP: 3/6
  1263 | D:2      | Learned a level 3 spell: Stone Arrow
  1304 | D:2      | Reached XP level 4. HP: 33/33 MP: 4/8
  1507 | D:2      | Reached skill level 1 in Conjurations
  1713 | D:3      | Reached XP level 5. HP: 36/38 MP: 9/9
  1840 | D:$      | Got out of the dungeon alive.

Illustrated notes

Levels and vault maps discovered:
D:1:      dpeg_arrival_pond, layout_loops_ring, minmay_tiny_reverse_x
D:2:      layout_rooms, minmay_tetromino_t4
D:3:      layout_basic, mainiacjoe_overflow_alcove_4,
          mainiacjoe_overflow_alcove_1, nicolae_elyvilon_peaceful_grove,
          serial_shops, nicolae_shop_advertising_works
          [nicolae_subvault_shop_adworks]

Skill      XL: |  1  2  3  4 |
---------------+-------------+-----
Fighting       | 1 2 |  2.2
Earth Magic    | 3 |  3.5
Conjurations   | 1 |  1.6
Spellcasting   | 3 |  3.0
Dodging        | |  1.7
Stealth        | |  1.7
Transmutations | |  0.8

Action                     |  1- 3 |  4- 6 || total
---------------------------+-------+-------++-------
  Melee: Whip              |    24 |    48 ||    72
         Dagger            |     8 |       ||     8
         Punch             |       |     1 ||     1
   Cast: Sandblast         |    39 |     8 ||    47
   Stab: Sleeping          |     2 |     2 ||     4
 Armour: Robe              |    11 |       ||    11
         Leather armour    |    24 |    36 ||    60
  Dodge: Dodged            |    31 |    24 ||    55

Table legend: (Time is in decaauts)
 A = Elapsed time spent in this place.
 B = Non-inter-level travel time spent in this place.
 C = Inter-level travel time spent in this place.
 D = Time resting spent in this place.
 E = Time spent auto-exploring this place.
 F = Levels seen in this place.
 G = Mean time per level.
                   A        B        C        D        E       F      G
               +--------+--------+--------+--------+--------+-----+--------+
         Total |   1869 |   1707 |    162 |     48 |   1273 |   3 |  623.0 |
       Dungeon |   1869 |   1707 |    162 |     48 |   1273 |   3 |  623.0 |
               +--------+--------+--------+--------+--------+-----+--------+

Top non-repeatable levels by time:
     D:1: 988 daAuts
     D:2: 826 daAuts
     D:3: 54 daAuts
